 Dungeon Crawl Stone Soup version 0.18-a0-1689-g473dde0 (webtiles) character file.

74040 Etesian the Devastator (level 15, -12/72 HPs)
             Began as a Deep Elf Air Elementalist on Apr 4, 2016.
             Was a High Priest of Vehumet.
             Killed from afar by an orc sorcerer (40 damage)
             ... with a bolt of fire
             ... led by an orc warlord
             ... on level 1 of the Orcish Mines on Apr 5, 2016.
             The game lasted 02:47:37 (34283 turns).

Etesian the Devastator (Deep Elf Air Elementalist) Turns: 34283, Time: 02:47:42

Health: -12/72     AC:  6    Str:  6    XL:     15   Next: 5%
Magic:  30/34      EV: 20    Int: 26    God:    Vehumet [*****.]
Gold:   1561       SH:  0    Dex: 15    Spells: 11 memorised, 6 levels left

rFire  . . .     SeeInvis .     b - staff of conjuration
rCold  . . .     Gourm    .     M - +2 robe {rN+}
rNeg   + . .     Faith    .     (no shield)
rPois  +         Spirit   .     p - +0 hat {MR+}
rElec  .         Dismiss  .     v - +0 cloak
rCorr  .         Reflect  .     D - +0 pair of gloves
SustAt .         Harm     .     (no boots)
MR     ++...                    l - amulet of magic regeneration
Stlth  ++........               I - ring of wizardry
                                H - ring of poison resistance

@: swift, very quick, very resistant to hostile enchantments, unstealthy
A: no striking features
a: Renounce Religion


You were on level 1 of the Orcish Mines.
You worshipped Vehumet.
Vehumet was extremely pleased with you.
You were not hungry.

You visited 4 branches of the dungeon, and saw 22 of its levels.
You also visited: Bailey and Volcano.

You collected 1986 gold pieces.
You spent 425 gold pieces at shops.

Inventory:

Hand Weapons
 a - a +5 triple sword of flaming
Missiles
 E - 71 tomahawks of returning (quivered)
Armour
 p - a +0 hat of magic resistance (worn)
 v - a +0 cloak (worn)
 D - a +0 pair of gloves (worn)
 M - a +2 robe of positive energy (worn)
Magical Staves
 b - an uncursed staff of conjuration (weapon)
 R - an uncursed staff of wizardry
Jewellery
 l - an amulet of magic regeneration (around neck)
 q - an uncursed ring of see invisible
 H - a ring of poison resistance (left hand)
 I - a ring of wizardry (right hand)
Wands
 o - a wand of teleportation (5/9)
 N - a wand of teleportation (3/9)
 V - a wand of disintegration (12/24)
 Y - a wand of disintegration (9/24)
Scrolls
 d - 6 scrolls of remove curse
 j - 9 scrolls of teleportation
 k - 3 scrolls of immolation
 n - 3 scrolls of recharging
 s - 3 scrolls of enchant weapon
 y - a scroll of blinking
 B - 5 scrolls of enchant armour
 O - 5 scrolls of identify
 Q - 5 scrolls of magic mapping
 S - a scroll of fear
 X - a scroll of noise {unknown}
Potions
 e - 3 potions of mutation
 h - 3 potions of agility
 i - 8 potions of lignification
 m - a potion of brilliance
 t - 4 potions of cancellation
 w - a potion of invisibility
 x - 2 potions of ambrosia
 z - 5 potions of magic
 A - 4 potions of haste
 C - a potion of resistance
 F - 2 potions of heal wounds
 G - 6 potions of might
 J - 3 potions of berserk rage
 K - 2 potions of cure mutation
 T - 2 potions of curing
 U - a potion of flight
Books
 P - a book of the Tempests

   Spells                             Type                      Level
   a - Static Discharge               Conjuration/Air              3
   b - Lightning Bolt                 Conjuration/Air              5
   c - Fireball                       Conjuration/Fire             5
   d - Tornado                        Air                          9
   e - Shatter                        Earth                        9
 W - a book of the Sky

   Spells                             Type                      Level
   a - Summon Lightning Spire         Summoning/Air                4
   b - Airstrike                      Air                          4
   c - Silence                        Hexes/Air                    5
   d - Deflect Missiles               Charms/Air                   6
   e - Conjure Ball Lightning         Conjuration/Air              6
   f - Tornado                        Air                          9
Comestibles
 c - 10 bread rations
 f - 27 beef jerkies
 g - 14 fruits
 r - 12 chunks of flesh
 u - 18 royal jellies
 L - 4 slices of pizza


   Skills:
 + Level 12.2 Dodging
 - Level 2.4 Stealth
 + Level 13.3 Spellcasting
 * Level 15.7 Conjurations
 * Level 14.0 Air Magic
 * Level 11.3 Earth Magic


You had 6 spell levels left.
You knew the following spells:

 Your Spells              Type           Power        Failure   Level  Hunger
a - Shock                 Conj/Air       ####         0%          1    None
b - Repel Missiles        Chrm/Air       ######       1%          2    None
c - Swiftness             Chrm/Air       ######..     1%          2    None
d - Static Discharge      Conj/Air       #######.     1%          3    None
e - Lightning Bolt        Conj/Air       #######...   1%          5    ##.....
f - Sting                 Conj/Pois      ####         1%          1    None
g - Apportation           Tloc           ###.......   1%          1    None
h - Blink                 Tloc           N/A          2%          2    None
i - Iron Shot             Conj/Erth      #######...   1%          6    #####..
j - Spellforged Servitor  Conj/Summ      ######....   24%         7    ######.
k - Airstrike             Air            ######....   1%          4    None


Dungeon Overview and Level Annotations

Branches:
Dungeon (11/15)            Temple (1/1) D:6            Lair (8/8) D:10
  Swamp (0/4) Lair:3        Snake (0/4) Lair:4        Slime (0/6) Lair:8
    Orc (2/2) D:10
    Elf: Orc:2

Altars:
Ashenzari
Cheibriados
Dithmenos
Elyvilon
Fedhas
Gozag
Kikubaaqudgha
Makhleb
Nemelex Xobeh
Okawaru
Pakellas
Qazlal
Ru
Sif Muna
Trog
Vehumet
Xom
Yredelemnul
Zin
The Shining One

Shops:
D:7 ?   D:9 }   Orc:1 ?

Portals:
Trove: D:10 (give 3 potions of cure mutation)

Annotations:
D:8 exclusion: oklob plant
D:10 Fannar


Message History

The orc wizard casts a spell.
The orc wizard seems to speed up.
The orc priest looks braver for a moment.
You climb upwards.
There is a stone staircase leading down here.
The orc sorcerer casts a spell at you. The bolt of fire hits you!
Casting: Swiftness
Confirm with . or Enter, or press ? or * to list all spells.
Aiming: Iron Shot
Press: ? - help, Shift-Dir - straight line, f - orc warrior
Aim: an orc warrior, wielding a war axe and wearing a plate armour (unusually strong)
You feel a surge of power!
The iron shot hits the orc warrior.
You kill the orc warrior!
Vehumet accepts your kill.
You feel your power returning.
The orc sorcerer gestures at you while chanting.
The bolt of fire hits you!
Ouch! That really hurt!
You die...

### ##.## ..# ##... #....#
#...#### o.......#####.....##
.........##....@)..#
##.........#.....>..### ...
..............o##.## ...
#........#.......#
...#####.....###......##
....##.#.....####...#..# ###
.#...#....##..##...#########.##
.....#.........#..###.##.#....#
.#.#...................#.#.#.##


You could see an orc sorcerer.

Vanquished Creatures
  Rupert (Lair:6)
  An acid blob (Lair:8)
  Gastronok (Lair:2)
  A fire dragon (Volcano)
  5 hydras
  The ghost of P0WERM0DE the Fighter, a novice DsAs of Gozag (D:8)
  5 death yaks (Lair:8)
  A queen ant (Lair:2)
  The ghost of onwiheg the Arsonist, a novice DgFE (Lair:1)
  Nergalle (D:10)
  2 unseen horrors (D:10)
  4 lindwurms (Lair:6)
  An orc knight (Orc:1)
  A wizard (D:11)
  A salamander (Volcano)
  2 griffons
  An orc sorcerer (Orc:1)
  An elephant (Lair:4)
  9 black mambas
  A gargoyle (D:10)
  7 spiny frogs
  A torpor snail (Lair:8)
  6 rime drakes
  10 komodo dragons
  A troll (D:10)
  A queen bee (Lair:3)
  8 polar bears (Lair:8)
  4 raiju (Lair:8)
  4 two-headed ogres
  A boulder beetle (Lair:8)
  25 blink frogs
  4 wyverns
  46 yaks
  10 fire bats
  A fire elemental (Lair:2)
  2 basilisks
  11 hippogriffs
  A hungry ghost (D:9)
  4 steam dragons
  Menkaure (D:4)
  2 mottled dragons (Volcano)
  6 swamp worms (Lair:3)
  9 soldier ants
  8 wargs
  Edmund (D:4)
  4 hell hounds (Lair:8)
  20 porcupines
  Purgy (D:4)
  19 water moccasins
  11 orc warriors
  4 ice beasts
  4 sky beasts
  A necrophage (D:10)
  3 wasps (D:8)
  A phantom (D:7)
  16 black bears
  16 wolves
  5 centaurs
  8 ogres
  25 crocodiles
  A gnoll sergeant (Orc:1)
  22 giant frogs
  5 scorpions
  44 killer bees
  An oklob sapling (D:8)
  6 wights
  5 electric eels
  5 crimson imps
  7 howler monkeys
  3 lava snakes (Lair:2)
  A wasp zombie (D:7)
  4 giant frog zombies
  21 hounds
  Crazy Yiuf (D:2)
  A giant frog skeleton (D:11)
  9 orc priests
  6 jellies
  Ijyb (D:2)
  A hell rat (Lair:4)
  11 iguanas
  11 orc wizards
  22 worker ants
  A killer bee zombie (D:5)
  33 sheep
  A hound zombie (D:7)
  2 hound skeletons
  Robin (D:2)
  A worker ant zombie (D:5)
  20 gnolls
  A howler monkey skeleton (D:4)
  17 adders
  91 river rats
  A shadow imp (D:7)
  An ooze (Lair:8)
  2 adder zombies (D:7)
  5 adder skeletons
  4 worms
  3 dart slugs (D:1)
  A giant gecko (D:8)
  55 orcs
  15 bats
  5 giant cockroaches
  21 goblins
  27 hobgoblins
  26 jackals
  20 kobolds
  5 quokkas
  11 ball pythons
  A giant gecko skeleton (D:6)
  7 giant newts
  A quokka skeleton (D:7)
  13 rats
  2 fungi
  14 plants
949 creatures vanquished.

Vanquished Creatures (others)
  A river rat (Lair:8)
  A bush (Lair:2)
  21 fungi
  46 plants
69 creatures vanquished.

Grand Total: 1018 creatures vanquished

Notes
Turn   | Place    | Note
--------------------------------------------------------------
     0 | D:1      | Etesian the Deep Elf Air Elementalist began the quest for the Orb.
     0 | D:1      | Reached XP level 1. HP: 10/10 MP: 6/6
   416 | D:1      | Reached XP level 2. HP: 15/15 MP: 6/8
   751 | D:1      | Reached skill level 2 in Conjurations
   901 | D:1      | Learned a level 2 spell: Repel Missiles
   904 | D:1      | Learned a level 2 spell: Swiftness
  1004 | D:1      | Reached XP level 3. HP: 17/19 MP: 5/10
  1273 | D:1      | Found a shadowy altar of Dithmenos.
  1354 | D:2      | Learned a level 3 spell: Static Discharge
  1547 | D:2      | Noticed Robin
  1746 | D:2      | Killed Robin
  1746 | D:2      | Reached XP level 4. HP: 17/24 MP: 1/11
  2397 | D:2      | Found a faded altar to an unknown god.
  2408 | D:2      | Noticed Ijyb
  2432 | D:2      | Killed Ijyb
  2432 | D:2      | Reached skill level 3 in Conjurations
  2961 | D:3      | Reached XP level 5. HP: 26/28 MP: 1/12
  3086 | D:2      | Noticed Crazy Yiuf
  3101 | D:2      | Killed Crazy Yiuf
  3921 | D:3      | Noticed a moth of wrath
  3924 | D:3      | Found a bloodstained altar of Trog.
  4320 | D:4      | Noticed Purgy
  4375 | D:4      | Noticed an ogre
  4381 | D:4      | Killed an ogre
  4381 | D:4      | Reached skill level 4 in Conjurations
  4381 | D:4      | Reached XP level 6. HP: 32/32 MP: 8/14
  4388 | D:4      | Learned a level 5 spell: Lightning Bolt
  4471 | D:4      | Noticed Edmund
  4489 | D:4      | Killed Edmund
  4489 | D:4      | Reached skill level 5 in Air Magic
  4606 | D:4      | Noticed Menkaure
  4615 | D:4      | Killed Menkaure
  4615 | D:4      | Reached skill level 5 in Spellcasting
  4615 | D:4      | Reached XP level 7. HP: 11/36 MP: 12/16
  5006 | D:4      | Reached skill level 5 in Conjurations
  5285 | D:4      | Killed Purgy
  5355 | D:5      | Entered Level 5 of the Dungeon
  5466 | D:5      | Reached skill level 5 in Dodging
  5647 | D:5      | Reached XP level 8. HP: 41/41 MP: 13/18
  5729 | D:5      | Reached skill level 6 in Conjurations
  6163 | D:6      | Found a staircase to the Ecumenical Temple.
  6241 | Temple   | Entered the Ecumenical Temple
  6306 | Temple   | Became a worshipper of Vehumet
  6866 | D:7      | Reached skill level 7 in Conjurations
  7201 | D:7      | Found a deep blue altar of Sif Muna.
  7385 | D:7      | Found Omejek's Magic Scroll Shoppe.
  7409 | D:7      | Bought a scroll of magic mapping for 35 gold pieces
  7409 | D:7      | Bought a scroll of identify for 20 gold pieces
  7410 | D:7      | Bought a scroll of identify for 20 gold pieces
  7410 | D:7      | Bought a scroll of identify for 20 gold pieces
  7464 | D:7      | Reached XP level 9. HP: 29/45 MP: 9/21
  7865 | D:7      | Reached skill level 8 in Conjurations
  7949 | D:7      | Found an opulent altar of Gozag.
  7965 | D:7      | Reached * piety under Vehumet
  7965 | D:7      | Offered knowledge of Sting by Vehumet.
  8747 | D:8      | Learned a level 1 spell: Sting
  8791 | D:8      | Learned a level 2 spell: Blink
  8793 | D:8      | Learned a level 1 spell: Apportation
  8880 | D:8      | Reached skill level 9 in Conjurations
  9107 | D:8      | Reached ** piety under Vehumet
  9107 | D:8      | Offered knowledge of Magic Dart by Vehumet.
  9280 | D:8      | Found a blossoming altar of Fedhas.
  9622 | D:8      | Noticed an oklob plant
  9984 | D:8      | Noticed P0WERM0DE's ghost (novice DsAs)
 10168 | D:8      | Reached XP level 10. HP: 50/50 MP: 19/24
 10358 | D:8      | Offered knowledge of Throw Frost by Vehumet.
 10376 | D:8      | HP: 2/50 [steam dragon/ball of steam (15)]
 10977 | D:8      | Killed P0WERM0DE's ghost
 11012 | D:8      | Reached skill level 10 in Conjurations
 11540 | D:8      | Reached *** piety under Vehumet
 12149 | D:8      | Reached skill level 10 in Air Magic
 12219 | D:9      | Found Wubbomez's Gadget Emporium.
 12231 | D:9      | Bought a wand of teleportation (6/9) for 330 gold pieces
 12235 | D:9      | Found a flagged portal.
 12254 | Bailey   | Entered a bailey
 12296 | Bailey   | Offered knowledge of Dazzling Spray by Vehumet.
 13319 | D:9      | Found a sacrificial altar of Ru.
 13329 | D:9      | Reached XP level 11. HP: 40/54 MP: 15/26
 13443 | D:9      | Reached **** piety under Vehumet
 13707 | D:9      | Found a shadowy altar of Dithmenos.
 13841 | D:10     | Entered Level 10 of the Dungeon
 13841 | D:10     | Noticed Nergalle
 13843 | D:10     | Killed Nergalle
 13843 | D:10     | Reached skill level 11 in Conjurations
 14001 | D:10     | Offered knowledge of Irradiate by Vehumet.
 14014 | D:10     | Found a staircase to the Orcish Mines.
 14021 | D:10     | Noticed an unseen horror
 14027 | D:10     | Killed an unseen horror
 14027 | D:10     | Reached skill level 10 in Spellcasting
 14430 | D:10     | Noticed Fannar
 14534 | D:11     | Noticed a wizard
 14538 | D:11     | HP: 2/54 [wizard/bolt of poison (17)]
 14540 | D:11     | Killed a wizard
 14907 | D:10     | Found a staircase to the Lair.
 14932 | D:10     | Noticed an unseen horror
 14951 | D:10     | Killed an unseen horror
 15604 | D:10     | Found a portal to a secret trove of treasure.
 15825 | Lair:1   | Entered Level 1 of the Lair of Beasts
 15942 | Lair:1   | Reached ***** piety under Vehumet
 15988 | Lair:1   | Noticed onwiheg's ghost (novice DgFE)
 15998 | Lair:1   | Killed onwiheg's ghost
 16006 | Lair:1   | Offered knowledge of Iron Shot by Vehumet.
 16006 | Lair:1   | Reached skill level 12 in Conjurations
 16014 | Lair:1   | Learned a level 6 spell: Iron Shot
 16286 | Lair:1   | Got a bronze ring mail
 16319 | Lair:1   | Identified the +1 ring mail "Mepsumau" {rN+ Int+3} (You found it on level 1 of the Lair of Beasts)
 16813 | Lair:1   | Reached XP level 12. HP: 49/58 MP: 23/28
 17610 | Lair:2   | Found a dark tunnel.
 17622 | Volcano  | Entered a volcano
 17930 | Volcano  | Reached skill level 1 in Earth Magic
 18287 | Volcano  | Reached skill level 10 in Dodging
 18479 | Volcano  | Noticed a fire dragon
 18484 | Volcano  | Killed a fire dragon
 19252 | Lair:2   | Noticed Gastronok
 19259 | Lair:2   | Killed Gastronok
 19259 | Lair:2   | Reached skill level 13 in Conjurations
 19259 | Lair:2   | Reached skill level 5 in Earth Magic
 20365 | Lair:2   | Noticed a queen ant
 20370 | Lair:2   | Killed a queen ant
 20707 | Lair:2   | Got a pitted falchion
 20708 | Lair:2   | Identified the +5 falchion "Killer Klown's Curse" {antimagic, +Blink Int+4 Stlth+} (You found it on level 2 of the Lair of Beasts)
 21260 | Lair:2   | Reached XP level 13. HP: 20/63 MP: 5/30
 23403 | Lair:3   | Identified a scroll of acquirement
 23411 | Lair:3   | Found a staircase to the Swamp.
 23561 | Lair:4   | Offered knowledge of Sticky Flame by Vehumet.
 23772 | Lair:4   | Found a staircase to the Snake Pit.
 24320 | Lair:4   | Reached skill level 14 in Conjurations
 25477 | Lair:5   | Offered knowledge of Delayed Fireball by Vehumet.
 26536 | Lair:6   | Noticed Rupert
 26540 | Lair:6   | Killed Rupert
 26793 | Lair:6   | Reached XP level 14. HP: 68/68 MP: 23/32
 27721 | Lair:6   | Got a pitted flail
 27723 | Lair:6   | Got a faintly glowing hand axe
 27724 | Lair:6   | Identified the +8 flail "Abran" {crush, Str-3 Dex+4} (You found it on level 6 of the Lair of Beasts)
 27726 | Lair:6   | Identified the +9 hand axe of Laceration {flame, Stlth+} (You found it on level 6 of the Lair of Beasts)
 28936 | Lair:7   | Reached skill level 10 in Earth Magic
 29130 | Lair:7   | Offered knowledge of Spellforged Servitor by Vehumet.
 29429 | Lair:7   | Learned a level 7 spell: Spellforged Servitor
 29437 | Lair:7   | Learned a level 4 spell: Airstrike
 29827 | Lair:8   | Entered Level 8 of the Lair of Beasts
 30106 | Lair:8   | Reached skill level 15 in Conjurations
 30299 | Lair:8   | Found a staircase to the Slime Pits.
 32686 | Lair:8   | Noticed an acid blob
 32690 | Lair:8   | Killed an acid blob
 33228 | Lair:8   | Offered knowledge of Freezing Cloud by Vehumet.
 33425 | Lair:8   | Reached XP level 15. HP: 72/72 MP: 5/34
 33609 | Orc:1    | Entered Level 1 of the Orcish Mines
 33929 | Orc:1    | Found Xomud's Magic Scroll Boutique.
 34271 | Orc:1    | You fall through a shaft!
 34271 | Orc:2    | Entered Level 2 of the Orcish Mines
 34275 | Orc:2    | Noticed an orc warlord
 34283 | Orc:1    | Killed from afar by an orc sorcerer

Vault maps used:
D:1:      dpeg_arrival_water_altar
D:2:      ecumenical_altar_1, first_bread, uniq_robin, uniq_iyjb,
          uniq_crazy_yiuf_cottage
D:3:      corexii_shack_village, tgw_trog, st_stairs_13
D:4:      uniq_edmund, uniq_menkaure, uniq_purgy
D:5:      saegor_snake_ambush
D:6:      minmay_temple_entry_trees
D:7:      overflow_temple_1_default, serial_shops, nicolae_shop_behind_doors,
          grunt_gozag_statues
D:8:      hangedman_pestilent_swarm, st_stairs_13, introduction_to_nature_1
D:9:      kennysheep_mini_moat, nicolae_ru_great_annihilating_truth,
          serial_shops, shop, enter_bailey_2
D:10:     erik_lair_island, orc_0_dummy, nicolae_trove_entry_crystal,
          uniq_nergalle, uniq_fannar
D:11:     hangedman_corner_corridor, uniq_grum
Temple:   nicolae_temple_x_marks_the_god_16
Lair:1:   serial_bayou_crossing
Lair:2:   enter_volcano_1, small_statue_intersection,
          nicolae_quartered_pool_little, minmay_another_anthill, uniq_gastronok
Lair:3:   nicolae_swamp_entry_splash_gauntlet, special_room, lemuel_fruit_tree
Lair:4:   dummy_snake_entry, serial_bayou_pond_d, beast_lair_carwin_7
Lair:5:   st_stairs_13, grunt_megastairs_3
Lair:6:   minmay_holes, minmay_lindwurm_lava, uniq_rupert
Lair:7:   wad_woods_road_03, minivault_24
Lair:8:   hangedman_lair_caniforms_friends, nicolae_slime_entry_slimehenge,
          nicolae_quartered_pool_super, infiniplex_staircase_pool_2
Orc:1:    serial_shops, nicolae_shop_waterfront
Orc:2:    st_orc_pillars
Bailey:   bailey_axe_2, bailey
Volcano:  pf_volcano_lost_world

Skill      XL: |  1  2  3  4  5  6  7  8  9 10 11 12 13 14 |
---------------+-------------------------------------------+-----
Conjurations   | 2 3 4 5 7 9 10 12 13 14 15 | 15.7
Dodging        | 3 4 5 7 8 9 10 11 12 | 12.2
Air Magic      | 4 5 6 7 8 10 11 12 13 14 | 14.0
Spellcasting   | 4 5 7 8 9 10 11 12 13 | 13.3
Earth Magic    | 6 9 11 | 11.3
Stealth        | |  2.4

Action                   |  1- 3 |  4- 6 |  7- 9 | 10-12 | 13-15 || total
-------------------------+-------+-------+-------+-------+-------++-------
Melee: Short sword       |    17 |     8 |       |       |       ||    25
       Quarterstaff      |       |    30 |    85 |    19 |       ||   134
       Halberd           |       |       |       |   198 |    45 ||   243
       Morningstar       |       |       |       |     6 |       ||     6
       Falchion          |       |       |       |     3 |       ||     3
       Triple sword      |       |       |       |       |    60 ||    60
       Staff             |       |       |       |       |     6 ||     6
Throw: Javelin           |       |     8 |       |     3 |       ||    11
       Tomahawk          |       |       |       |     7 |     2 ||     9
 Cast: Shock             |    62 |   102 |   289 |   493 |   327 ||  1273
       Static Discharge  |     1 |    16 |    46 |   133 |   119 ||   315
       Swiftness         |       |       |     2 |     2 |     1 ||     5
       Repel Missiles    |       |       |     1 |     4 |       ||     5
       Lightning Bolt    |       |       |    20 |   103 |   108 ||   231
       Sting             |       |       |    13 |    23 |    27 ||    63
       Apportation       |       |       |       |     2 |     1 ||     3
       Iron Shot         |       |       |       |    13 |   152 ||   165
       Blink             |       |       |       |     2 |     5 ||     7
       Airstrike         |       |       |       |       |    80 ||    80
Evoke: Wand              |       |       |       |     2 |     3 ||     5
  Use: Scroll            |     6 |     3 |    10 |     7 |     9 ||    35
       Potion            |     1 |       |       |     6 |     1 ||     8
 Stab: Sleeping          |     1 |     2 |       |     1 |     1 ||     5
  Eat: Chunk             |     2 |    10 |    17 |    37 |    62 ||   128
       Meat ration       |       |       |     1 |     2 |     1 ||     4
       Pizza             |       |       |       |     1 |     1 ||     2
       Bread ration      |       |       |       |     1 |     2 ||     3
       Royal jelly       |       |       |       |       |     2 ||     2
